Map: Cyber Forest LE

Players

Lance - Winner!

  • Race: Zerg Zerg
  • League: Platinum
  • Spawn Location: 5:00

McCormick

  • Race: Terran Terran
  • League: Platinum
  • Spawn Location: 11:00

VOD

Have the link to the VOD?

Description

Time

  • Played on: May 4, 2019, 5:34 p.m.
  • Length: 24:56
Show
View Real Time Build Order
Export as new Build Order

Lance Zerg - Winner!

Build Orders: Hatch First 

Get SALT Encoding   

  12  0:01  Drone  
  13  0:12  Drone  
  14  0:18  Overlord  
  14  0:51  Hatchery  
  14  0:53  Drone x2  
  15  0:58  Drone  
  15  1:01  Extractor  
  15  1:13  Drone  
  15  1:15  Drone  
  17  1:27  Drone  
  18  1:36  Drone  
  18  1:37  Spawning Pool  
  19  1:47  Drone  
  19  1:59  Drone  
  20  2:04  Overlord  
  20  2:09  Drone  
  20  2:14  Drone  
  22  2:19  Drone  
  23  2:23  Queen  
  23  2:26  Metabolic Boost  
  25  2:32  Queen  
  25  2:36  Drone  
  28  2:39  Zergling x2  
  28  2:43  Zergling x2  
  30  2:48  Overlord  
  30  2:51  Zergling x2  
  30  2:54  Drone  
  30  2:58  Drone  
  33  3:04  Drone  
  34  3:12  Drone  
  35  3:13  Drone  
  35  3:19  Pneumatized Carapace  
  36  3:21  Queen  
  36  3:26  Spore Crawler  
  37  3:27  Drone  
  37  3:28  Drone  
  37  3:33  Extractor  
  38  3:37  Drone x3  
  38  3:39  Drone  
  41  3:49  Drone x3  
  44  3:57  Overlord x2  
  44  4:10  Lair  
  44  4:11  Overlord  
  44  4:15  Queen  
  46  4:21  Zergling x2  
  46  4:22  Zergling x6  
  50  4:52  Extractor  
  50  4:56  Spore Crawler  
  50  4:59  Spore Crawler  
  47  5:03  Zergling x6  
  47  5:04  Zergling x10  
  55  5:21  Spire  
  54  5:29  Spore Crawler  
  54  5:30  Drone x5  
  54  5:31  Drone x2  
  60  5:35  Overlord  
  60  5:36  Overlord x3  
  60  5:52  Hatchery  
  60  5:53  Queen  
  61  5:58  Zergling x6  
  61  5:59  Zergling x2  
  65  6:10  Queen  
  67  6:24  Evolution Chamber  
  66  6:31  Overseer  
  66  6:36  Corruptor x5  
  76  6:47  Extractor  
  75  7:14  Zergling x20  
  85  7:29  Baneling Nest  
  84  7:31  Drone x7  
  89  8:00  Queen  
  89  8:02  Zerg Flyer Armor Level 1  
  91  8:12  Hatchery  
  91  8:13  Centrifical Hooks  
  91  8:14  Zergling x2  
  91  8:15  Zergling x14  
  98  8:25  Overlord x3  
  98  8:26  Overlord x2  
  98  8:30  Zerg Ground Armor Level 1  
  98  8:38  Evolution Chamber  
  97  8:43  Baneling  
  97  8:45  Baneling x3  
  97  8:46  Baneling x6  
  97  8:47  Baneling x3  
  97  8:48  Zergling x6  
  99  9:10  Corruptor x2  
  99  9:11  Corruptor x2  
  101  9:17  Drone  
  101  9:18  Drone x3  
  105  9:42  Hatchery  
  103  10:08  Corruptor x4  
  103  10:09  Corruptor  
  113  10:14  Zerg Flyer Weapons Level 1  
  113  10:17  Queen  
  115  10:23  Drone x2  
  115  10:24  Drone  
  115  10:27  Drone  
  119  10:29  Drone  
  119  10:31  Drone  
  119  10:34  Drone  
  122  10:36  Drone  
  122  10:38  Drone  
  122  10:42  Drone  
  125  10:54  Infestation Pit  
  114  11:06  Queen  
  114  11:08  Queen  
  114  11:11  Drone x5  
  123  11:41  Queen  
  125  12:02  Corruptor x2  
  125  12:03  Corruptor x6  
  141  12:14  Overlord  
  141  12:15  Overlord x2  
  139  12:37  Corruptor x3  
  145  12:49  Drone  
  145  12:50  Drone x3  
  149  12:52  Overlord x3  
  149  13:10  Queen  
  151  13:20  Queen  
  151  13:23  Zerg Ground Armor Level 2  
  151  13:26  Zerg Melee Weapons Level 1  
  140  13:57  Corruptor  
  140  13:58  Corruptor x7  
  156  14:07  Hive  
  156  14:22  Zerg Flyer Armor Level 2  
  103  14:57  Corruptor x4  
  103  14:58  Corruptor  
  101  15:13  Zergling x2  
  102  15:14  Zergling x38  
  102  15:20  Adrenal Glands  
  121  15:30  Extractor  
  121  15:31  Drone x3  
  121  15:32  Extractor  
  121  15:33  Drone x2  
  124  15:36  Drone  
  124  15:42  Extractor, Drone x2  
  126  15:44  Extractor  
  126  15:45  Drone  
  126  15:47  Drone  
  126  15:48  Drone  
  128  15:50  Drone  
  121  16:47  Viper  
  121  16:48  Viper x2  
  121  16:49  Viper x2  
  136  16:57  Corruptor x4  
  144  17:08  Zerg Melee Weapons Level 2  
  141  17:41  Evolution Chamber  
  141  17:43  Evolution Chamber, Drone x3  
  141  17:44  Evolution Chamber, Drone  
  141  17:45  Overlord  
  141  17:46  Overlord x6  
  141  17:47  Overlord x4  
  142  18:05  Zergling x4  
  143  18:06  Zergling x6  
  143  18:10  Zerg Ground Armor Level 3  
  147  18:29  Viper  
  147  18:30  Viper  
  147  18:32  Viper x2  
  159  18:51  Zergling x20  
  159  18:52  Zergling x8  
  159  19:46  Corruptor x5  
  159  19:47  Corruptor x5  
  179  20:08  Corruptor x2  
  179  20:09  Corruptor  
  185  20:15  Zerg Flyer Weapons Level 2  
  185  21:37  Hatchery  
  170  22:09  Corruptor x7  
  170  22:10  Corruptor x6  
  196  22:28  Evolution Chamber x2  
  191  22:30  Evolution Chamber  
  191  22:32  Evolution Chamber  
  173  24:07  Evolution Chamber  
  173  24:08  Evolution Chamber  
  171  24:11  Evolution Chamber  
  170  24:19  Evolution Chamber  
  170  24:22  Evolution Chamber  
Show
View Real Time Build Order
Export as new Build Order

McCormick Terran 

Build Orders:  

Get SALT Encoding   

  12  0:01  SCV  
  13  0:14  SCV  
  14  0:23  Supply Depot  
  14  0:26  SCV  
  15  0:45  SCV  
  16  0:50  Barracks  
  17  0:57  SCV  
  17  0:58  Refinery  
  17  0:59  Refinery  
  17  1:09  SCV  
  18  1:14  Supply Depot  
  18  1:21  SCV  
  19  1:31  Barracks  
  19  1:41  Orbital Command  
  19  1:46  Marine  
  20  2:05  Marine  
  20  2:07  SCV  
  22  2:14  Factory  
  22  2:21  SCV  
  23  2:33  SCV  
  24  2:45  SCV  
  24  2:46  Barracks Tech Lab  
  24  2:47  Marine  
  26  2:58  SCV  
  27  3:14  Factory Tech Lab  
  27  3:15  Starport  
  27  3:18  Stimpack  
  27  3:19  Marine x2  
  29  3:31  Command Center  
  29  3:51  SCV  
  30  3:55  Fusion Core  
  30  4:03  SCV  
  31  4:14  Factory Tech Lab  
  31  4:16  Starport  
  31  4:33  Supply Depot  
  31  4:42  SCV, Marine  
  33  4:46  Marine  
  33  4:49  Orbital Command  
  37  4:54  Starport Tech Lab  
  37  4:57  Cyclone  
  40  5:04  Weapon Refit  
  40  5:06  Marine  
  40  5:07  Marine  
  41  5:10  SCV  
  43  5:23  SCV, Battlecruiser  
  47  5:30  Orbital Command  
  47  5:43  SCV  
  48  6:02  SCV x2  
  48  6:03  Marine x2  
  52  6:05  Refinery  
  52  6:07  Refinery  
  52  6:08  Supply Depot  
  52  6:10  Supply Depot  
  52  6:14  Battlecruiser  
  52  6:17  SCV x2  
  60  6:21  Marine  
  61  6:43  Battlecruiser  
  61  6:46  SCV x2  
  69  6:55  Supply Depot  
  69  7:18  Battlecruiser  
  75  7:28  Marine x2  
  77  7:46  Marine  
  78  7:56  Marine  
  79  8:04  Marine  
  80  8:09  Factory  
  80  8:13  Command Center, Marine  
  80  8:16  Starport, Supply Depot  
  81  8:21  Marine  
  82  8:32  SCV x2  
  84  8:42  Barracks x2  
  84  8:44  SCV  
  91  8:48  Battlecruiser  
  91  8:52  Viking  
  91  8:55  Starport  
  93  9:00  SCV  
  94  9:06  Supply Depot x2  
  94  9:24  SCV, Marine x2  
  94  9:27  Supply Depot, Starport Reactor  
  94  9:28  Supply Depot  
  94  9:31  Supply Depot, Bunker  
  97  9:33  Starport Tech Lab, Supply Depot  
  97  9:46  SCV x2  
  99  9:58  SCV x2  
  99  9:59  Battlecruiser  
  107  10:17  Siege Tank  
  110  10:28  Engineering Bay  
  110  10:38  Battlecruiser  
  116  10:49  Battlecruiser  
  120  11:16  Planetary Fortress  
  120  11:18  SCV x2  
  122  11:26  Marine x4  
  122  11:30  SCV x2  
  128  11:37  Battlecruiser  
  128  11:38  Viking  
  136  11:41  Supply Depot  
  136  11:42  SCV  
  137  12:05  Battlecruiser, Refinery  
  143  12:17  Battlecruiser  
  141  12:41  Battlecruiser  
  147  12:45  SCV x3  
  147  12:49  Viking  
  147  12:50  Viking  
  154  12:53  Marine x4  
  154  12:57  SCV  
  159  13:09  Viking  
  159  13:10  Refinery  
  159  13:11  Marine x2  
  163  13:19  Viking  
  165  13:23  Command Center  
  165  13:32  Supply Depot  
  165  13:34  Supply Depot, Viking x2  
  169  13:39  Viking  
  171  13:56  Supply Depot  
  171  13:57  Supply Depot  
  171  13:59  Marine x3  
  171  14:00  Marine  
  175  14:09  Viking  
  177  14:10  Viking x2  
  181  14:17  Marine x3, Armory  
  181  14:21  Supply Depot  
  165  14:34  Refinery  
  165  14:35  Refinery  
  113  14:55  SCV  
  113  14:56  Battlecruiser x3  
  113  14:58  Marine  
  113  14:59  Marine x3  
  120  15:07  SCV  
  120  15:08  SCV x2  
  119  15:16  Marine x2  
  119  15:18  Planetary Fortress  
  121  15:53  Command Center  
  121  15:56  Viking  
  121  15:57  Viking  
  125  16:00  Battlecruiser  
  125  16:01  Battlecruiser  
  125  16:02  Starport  
  120  16:39  Starport Tech Lab  
  111  16:40  Battlecruiser  
  111  16:43  Terran Ship Weapons Level 1  
  111  17:00  SCV  
  111  17:01  SCV  
  113  17:04  Armory  
  113  17:05  Battlecruiser  
  119  17:08  Supply Depot  
  117  17:31  Battlecruiser x2  
  127  17:44  Command Center  
  127  17:46  Marine x3  
  127  17:47  Marine  
  127  17:48  Command Center  
  131  18:04  Marine x2  
  133  18:14  Raven  
  133  18:17  Battlecruiser  
  141  18:37  SCV  
  141  18:40  Battlecruiser x2  
  154  18:57  Battlecruiser  
  160  19:51  SCV x2  
  160  19:52  SCV x2  
  164  19:59  Missile Turret  
  164  20:00  Missile Turret  
  164  20:02  Missile Turret  
  164  20:03  SCV  
  165  20:14  Orbital Command  
  165  20:22  Marine x4  
  169  20:33  SCV x2  
  171  20:40  SCV  
  171  20:41  SCV x2  
  171  20:42  Battlecruiser x4  
  198  21:20  Marine  
  198  21:21  Marine  
  180  22:17  Battlecruiser x2  
  192  22:45  SCV x3  
  192  22:46  SCV x2  
  192  22:49  Planetary Fortress  
  197  22:54  Marine  
  197  22:55  Marine x2  
  167  24:01  Refinery x2  
  167  24:06  Command Center  
Tags
 
Add a new tag
Caveats
  • Supply blocks, unpowered buildings, or Contaminate may cause inaccurate times.
  • Supply counts are checked every 10 seconds.